 Dungeon Crawl Stone Soup version 0.22-a0-605-g9281fa2 (webtiles) character file.

582 royokou the Cleaver (level 7, -7/57 HPs)
             Began as a Minotaur Fighter on July 8, 2018.
             Was an Initiate of Makhleb.
             Mangled by Duvessa
             ... wielding a +0 short sword
              (9 damage)
             ... on level 4 of the Dungeon.
             The game lasted 00:03:38 (2478 turns).

royokou the Cleaver (Minotaur Fighter)              Turns: 2478, Time: 00:03:39

Health: -7/57      AC:  6    Str: 21    XL:     7   Next: 14%
Magic:  6/6        EV:  7    Int:  6    God:    Makhleb [......]
Gold:   125        SH:  9    Dex: 10    Spells: 6/6 levels left

rFire    . . .     SeeInvis .   a - +0 war axe
rCold    . . .     Gourm    .   c - +0 shield
rNeg     . . .     Faith    .   b - +0 scale mail
rPois    .         Spirit   .   (helmet restricted)
rElec    .         Reflect  .   (no cloak)
rCorr    .         Harm     .   (no gloves)
MR       .....                  (no boots)
Stlth    ..........             (no amulet)
HPRegen  0.19/turn              (no ring)
MPRegen  0.10/turn              (no ring)

@: no status effects
A: retaliatory headbutt, horns 2
a: Renounce Religion


You were on level 4 of the Dungeon.
You worshipped Makhleb.
Makhleb was noncommittal.
You were not hungry.

You visited 2 branches of the dungeon, and saw 5 of its levels.

You collected 125 gold pieces.

Inventory:

Hand Weapons
 a - a +0 war axe (weapon)
Armour
 b - a +0 scale mail (worn)
 c - a +0 shield (worn)
Jewellery
 l - a +6 ring of strength {unknown}
Scrolls
 e - a scroll of enchant armour {unknown}
 h - a scroll of teleportation {unknown}
 i - 2 scrolls of remove curse {unknown}
 m - a scroll of random uselessness {unknown}
 n - a scroll of fear {unknown}
 p - a scroll of identify {unknown}
 q - a scroll of enchant weapon {unknown}
Potions
 d - a potion of might
 g - a potion of degeneration {unknown}
 j - a potion of mutation {unknown}
 k - 2 potions of curing {unknown}
 o - a potion of resistance {unknown}
Comestibles
 f - 10 rations


   Skills:
 - Level 3.6 Fighting
 + Level 9.5 Axes
 - Level 3.6 Armour
 - Level 3.6 Shields


You had 6 spell levels left.
You didn't know any spells.
Your spell library was empty.

Dungeon Overview and Level Annotations

Branches:
Dungeon (4/15)             Temple (1/1) D:4

Altars:
Dithmenos
Elyvilon
Makhleb
Okawaru
Wu Jian
Yredelemnul
The Shining One

Annotations:
D:4 Duvessa


Innate Abilities, Weirdness & Mutations

You reflexively headbutt those who attack you in melee.
You have a pair of horns on your head.


Message History

You hit Duvessa but do no damage. You headbutt Duvessa!
Duvessa is severely wounded.
Duvessa hits you but does no damage.
You completely miss Duvessa. You headbutt Duvessa.
Duvessa is severely wounded.
Duvessa hits you with a short sword. x2
You hit Duvessa but do no damage.
Duvessa is severely wounded.
Duvessa hits you with a short sword!!
* * * LOW HITPOINT WARNING * * *
Duvessa hits you with a short sword.
* * * LOW HITPOINT WARNING * * *
You hit Duvessa but do no damage. You headbutt Duvessa, but do no damage.
Duvessa is severely wounded.
Duvessa hits you with a short sword.
* * * LOW HITPOINT WARNING * * *
You hit Duvessa.
Duvessa is severely wounded.
Duvessa hits you with a short sword!
You die...

#..###.###.##
#......#.# #.
#.# #.#
##.#)#....
..###+###.#
#.#.....#
..........#
#.#######
.###......#
#.......#
.......?..#
######.##
####......#
######.##
###...)..##
..........
.......@..#
..........
.....##.e..#
..........
..... #....#
.....(....
..... #....#
..........
#### #....#
..........
#....#
####.#####
#....# #.
#....# #


You could see Duvessa (berserk).

Vanquished Creatures
  Grinder (D:3)
  Sigmund (D:3)
  A scorpion (D:3)
  Dowan (D:4)
  A bullfrog skeleton (D:4)
  An iguana (D:4)
  A worker ant (D:4)
  Robin (D:2)
  An ooze (D:1)
  A worm (D:2)
  2 leopard geckos
  3 bats
  7 giant cockroaches
  15 goblins
  4 hobgoblins
  3 jackals (D:4)
  4 kobolds
  A ball python (D:2)
  A ball python skeleton (D:4)
  2 rats
52 creatures vanquished.

Notes
Turn   | Place    | Note
-------+----------+-------------------------------------------
     0 | D:1      | royokou the Minotaur Fighter began the quest for the Orb.
     0 | D:1      | Reached XP level 1. HP: 19/19 MP: 0/0
   162 | D:1      | Reached skill level 3 in Axes
   239 | D:1      | Reached XP level 2. HP: 25/26 MP: 1/1
   608 | D:2      | Reached skill level 4 in Axes
   853 | D:2      | Reached XP level 3. HP: 26/31 MP: 2/2
  1168 | D:2      | Noticed Robin
  1178 | D:2      | Killed Robin
  1178 | D:2      | Reached skill level 5 in Axes
  1348 | D:3      | Noticed a scorpion
  1353 | D:3      | Killed a scorpion
  1353 | D:3      | Reached XP level 4. HP: 33/39 MP: 3/3
  1645 | D:3      | Noticed Sigmund
  1658 | D:3      | Reached skill level 6 in Axes
  1661 | D:3      | Killed Sigmund
  1661 | D:3      | Reached skill level 7 in Axes
  1661 | D:3      | Reached XP level 5. HP: 24/45 MP: 4/4
  1800 | D:3      | Noticed Grinder
  1808 | D:3      | Paralysed by Grinder for 2 turns
  1818 | D:3      | Killed Grinder
  1818 | D:3      | Reached skill level 8 in Axes
  1818 | D:3      | Reached XP level 6. HP: 27/51 MP: 5/5
  1983 | D:3      | Found a shadowy altar of Dithmenos.
  2222 | D:4      | Found an iron altar of Okawaru.
  2231 | D:4      | Reached skill level 9 in Axes
  2308 | D:4      | Found a staircase to the Ecumenical Temple.
  2319 | Temple   | Entered the Ecumenical Temple
  2353 | Temple   | Became a worshipper of Makhleb the Destroyer
  2418 | D:4      | Reached XP level 7. HP: 42/57 MP: 6/6
  2449 | D:4      | Found a white marble altar of Elyvilon.
  2463 | D:4      | Noticed Dowan
  2464 | D:4      | Noticed Duvessa
  2471 | D:4      | Killed Dowan
  2477 | D:4      | HP: 2/57 [Duvessa/short sword (4)]
  2478 | D:4      | Mangled by Duvessa

Vault maps used:
D:1:      sevenhm_arrival_forest_fort_large_2
D:2:      due_unseen_surprise, uniq_robin
D:3:      grunt_dithmenos_smoke_and_mirrors, first_ration, uniq_sigmund,
          uniq_grinder
D:4:      lemuel_doored_altar, okawaru_metal_pillars_3,
          minmay_temple_entry_mist, nicolae_tso_carved_into_rock, uniq_duvessa
Temple:   jpeg_temple_alley_garden

Skill      XL: |  1  2  3  4  5  6 |
---------------+-------------------+-----
Axes           | 3 4 5 7 8 9 |  9.5
Fighting       | |  3.6
Armour         | |  3.6
Shields        | |  3.6

Action                   |  1- 3 |  4- 6 |  7- 9 || total
-------------------------+-------+-------+-------++-------
Melee: War axe           |    63 |    48 |    19 ||   130
       Headbutt          |    11 |     8 |     5 ||    24
  Eat: Chunk             |     1 |     4 |       ||     5
Armor: Scale mail        |    22 |     9 |     6 ||    37
Dodge: Dodged            |    13 |    12 |     8 ||    33
Block: Shield            |    17 |    21 |     6 ||    44

Table legend:
 A = Spawn XP
 B = Non-spawn XP
 C = Spawn XP percentage of total XP
 D = Spawn monster count
 E = Non-spawn monster count
 F = Spawn count percentage of total count
 G = Total turns spent on level
                    A         B        C        D         E        F      G
               +---------+---------+-------+---------+---------+-------+---------
         Total |       0 |     832 |   0.0 |       0 |      52 |   0.0 |  2478
               +---------+---------+-------+---------+---------+-------+---------
           D:1 |       0 |      27 |   0.0 |       0 |      11 |   0.0 |   576
           D:2 |       0 |      56 |   0.0 |       0 |      21 |   0.0 |   772
           D:3 |       0 |     569 |   0.0 |       0 |      11 |   0.0 |   870
           D:4 |       0 |     180 |   0.0 |       0 |       9 |   0.0 |   200
               +---------+---------+-------+---------+---------+-------+---------
